 Dungeon Crawl Stone Soup version 0.26.1-11-gd32895ea62 (webtiles) character file.

Game seed: 1862746797096529920

7615 buriedalive the Nimble (level 10, -5/60 HPs)
             Began as a Deep Elf Conjurer on May 13, 2021.
             Was a Follower of Ashenzari.
             Slain by a troll (16 damage)
             ... on level 10 of the Dungeon.
             The game lasted 00:28:02 (13210 turns).

buriedalive the Nimble (Deep Elf Conjurer)         Turns: 13210, Time: 00:28:03

Health: -5/60      AC: 16    Str:  6    XL:     10   Next: 98%
Magic:  1/19       EV: 18    Int: 30    God:    Ashenzari [*.....]
Gold:   522        SH:  0    Dex: 13    Spells: 7/19 levels left

rFire    . . .     SeeInvis +   l - +9 dagger of Blood-Lust {protect, +Fly Int+3} (curse)
rCold    . . .     Faith    .   (no shield)
rNeg     . . .     Spirit   .   J - +1 ring mail "Xarosso" {rElec rCorr Stlth+}
rPois    .         Reflect  .   (no helmet)
rElec    +         Harm     .   (no cloak)
rCorr    +         Rampage  .   y - +0 pair of gloves
Will     +....     Clarity  +   s - +1 pair of boots
Stlth    ++........             (no amulet)
HPRegen  0.20/turn              f - ring of see invisible
MPRegen  0.16/turn              u - +4 ring of evasion

@: protection aura
A: clarity, strong 1
a: Renounce Religion, Evoke Flight, Curse Item, Scrying


You were on level 10 of the Dungeon.
You worshipped Ashenzari.
Ashenzari was aware of your devotion.
You visited 2 branches of the dungeon, and saw 11 of its levels.
You also visited: Sewer.

You collected 640 gold pieces.
You spent 118 gold pieces at shops.

Inventory:

Hand Weapons
 l - the cursed +9 dagger of Blood-Lust (weapon) {protect, +Fly Int+3}
   (You found it on level 10 of the Dungeon)

   It grants its wielder temporary protection when it strikes (+7 to AC).
   It affects your intelligence (+3).
   It lets you fly.
   It has a curse placed upon it.
 n - a +1 dagger of venom
 o - a +3 dagger of venom
 E - a +3 scimitar
 G - a +0 vorpal scimitar
Missiles
 d - 282 stones
 i - 4 throwing nets
 m - 28 poisoned darts (quivered)
Armour
 k - a +1 robe of willpower
 s - a +1 pair of boots (worn)
 y - a +0 pair of gloves (worn)
 F - a +0 troll leather armour
 J - the +1 ring mail "Xarosso" (worn) {rElec rCorr Stlth+}
   (You found it on level 9 of the Dungeon)

   It insulates you from electricity.
   It provides partial protection from all sources of acid and corrosion.
   It makes you more stealthy.
Magical Staves
 p - an uncursed staff of fire
Jewellery
 f - a ring of see invisible (left hand)
 u - a +4 ring of evasion (right hand)
 I - an uncursed ring of stealth
Wands
 j - a wand of polymorph (4)
 x - a wand of flame (52)
 B - a wand of iceblast (19)
Scrolls
 b - 5 scrolls of teleportation
 D - 3 scrolls of magic mapping
 H - 2 scrolls of identify
 M - a scroll of amnesia
Potions
 a - a potion of resistance
 c - 3 potions of brilliance
 e - a potion of haste
 g - 4 potions of might
 h - 3 potions of curing
 r - 2 potions of flight
 v - 2 potions of invisibility
 z - a potion of ambrosia
 C - a potion of cancellation


   Skills:
 + Level 5.7 Fighting
 + Level 1.7 Armour
 - Level 12.4 Dodging
 - Level 2.4 Stealth
 - Level 5.0 Spellcasting
 - Level 10.0 Conjurations
 - Level 8.0 Hexes
 + Level 2.7 Translocations


You had 7 spell levels left.
You knew the following spells:

 Your Spells              Type           Power        Failure   Level
a - Magic Dart            Conj           100%         1%          1
b - Searing Ray           Conj           100%         1%          2
c - Fulminant Prism       Conj/Hex       28%          5%          4
d - Conjure Flame         Conj/Fire      37%          9%          3
e - Blink                 Tloc           N/A          11%         2

Your spell library contained the following spells:

 Spells                   Type           Power        Failure   Level
 Slow                     Hex            53%          1%          2
 Dazzling Flash           Conj/Hex       100%         1%          3
 Iskenderun's Mystic Bla  Conj/Tloc      45%          16%         4
 Mephitic Cloud           Conj/Pois/Air  27%          17%         3
 Sting                    Tmut/Pois      28%          22%         1
 Call Imp                 Summ           7%           32%         2
 Poisonous Vapours        Pois/Air       14%          32%         2


Dungeon Overview and Level Annotations

Branches:
Dungeon (10/15)            Temple (1/1) D:6           Sewer (visited)
   Lair: D:8-11         Orc: D:9-12

Altars:
Ashenzari
Cheibriados
Dithmenos
Elyvilon
Fedhas
Gozag
Hepliaklqana
Kikubaaqudgha
Makhleb
Nemelex Xobeh
Okawaru
Qazlal
Ru
Sif Muna
Trog
Uskayaw
Vehumet
Wu Jian
Xom
Yredelemnul
Zin
The Shining One

Shops:
D:7 [!}((   D:8 :


Innate Abilities, Weirdness & Mutations

You possess an exceptional clarity of mind.
Your muscles are strong. (Str +2)


Message History

The troll is almost dead.
The troll closely misses you. x2; The troll completely misses you.
You closely miss the troll.
The troll is almost dead.
The troll closely misses you. The troll misses you. The troll claws you.
* * * LOW HITPOINT WARNING * * *
You hit the troll.
The troll is almost dead.
The troll barely misses you. The troll claws you.
* * * LOW HITPOINT WARNING * * *
The troll misses you.
Casting: Magic Dart (safe; 1% risk of failure)
Confirm with . or Enter, or press ? or * to list all spells.
Aiming: Magic Dart (safe; 1% risk of failure)
Press: ? - help, Shift-Dir - straight line, f/p - troll
Aim: a troll (almost dead, 0% to evade)
The magic dart hits the troll.
The troll is almost dead.
The troll bites you!
You die...

........# ........#
........# ........# .
........#####..o
.†.......)......
.......((.....o.
.......T#.......
.......@#.......
........#############
......................
.....†................
......................
..(.....#.............
........#.............
........#.............
........#.............


You could see a troll.

Vanquished Creatures
  Harold (D:7)
  Erolcha (D:10)
  Pikel (D:4)
  3 trolls
  2 hornets
  Sigmund (D:2)
  A ynoxinul (D:8)
  Menkaure (D:4)
  2 steam dragons (D:8)
  A water moccasin (D:6)
  3 orc warriors
  Purgy (Sewer)
  An ice beast (D:10)
  3 sky beasts
  2 phantoms
  An eye of draining (D:10)
  A black bear (D:7)
  A necrophage (D:9)
  7 ogres
  3 centaurs
  A lemure (D:4)
  Blork the orc (D:5)
  A big kobold (D:10)
  A bullfrog (D:6)
  11 wights
  A howler monkey (D:7)
  2 hounds
  3 iguanas
  2 jellies
  4 orc priests
  3 bullfrog skeletons
  6 orc wizards
  Jessica (D:2)
  Natasha (thrice) (D:2)
  Terence (D:2)
  3 worker ants
  A killer bee zombie (D:8)
  A hound zombie (D:6)
  3 hound skeletons
  Robin (D:4)
  A worker ant zombie (D:5)
  13 adders
  6 gnolls (D:9)
  2 shadow imps (D:9)
  3 white imps
  3 ufetubi
  An ooze (D:1)
  An adder zombie (D:7)
  An adder skeleton (D:9)
  2 worms
  3 dart slugs
  3 leopard geckos
  46 orcs
  7 bats
  6 giant cockroaches
  12 goblins
  9 hobgoblins
  4 jackals
  17 kobolds
  5 quokkas
  4 ball pythons
  3 frilled lizards
  A goblin skeleton (D:8)
  2 hobgoblin zombies (D:8)
  A jackal skeleton (D:5)
  A jackal zombie (D:9)
  A kobold zombie (D:8)
  A leopard gecko skeleton (D:5)
  2 orc skeletons (D:8)
  An orc zombie (D:8)
  A quokka skeleton (D:9)
  9 rats
259 creatures vanquished.

Vanquished Creatures (others)
  12 plants
12 creatures vanquished.

Grand Total: 271 creatures vanquished

Notes
Turn   | Place    | Note
-------+----------+-------------------------------------------
     0 | D:1      | buriedalive the Deep Elf Conjurer began the quest for the
                  | Orb.
     0 | D:1      | Reached XP level 1. HP: 10/10 MP: 6/6
   408 | D:1      | Reached XP level 2. HP: 15/15 MP: 6/8
   512 | D:1      | Reached skill level 3 in Dodging
   921 | D:1      | Reached XP level 3. HP: 19/19 MP: 7/10
  1484 | D:2      | Noticed Jessica
  1490 | D:2      | Killed Jessica
  1491 | D:2      | Reached skill level 5 in Conjurations
  1496 | D:2      | Noticed Sigmund
  1783 | D:2      | Reached XP level 4. HP: 24/24 MP: 9/12
  1901 | D:2      | Noticed Natasha
  1928 | D:1      | Learned a level 2 spell: Searing Ray
  1933 | D:1      | Learned a level 4 spell: Fulminant Prism
  1940 | D:2      | Killed Natasha
  2160 | D:2      | Found a sparkling altar of Nemelex Xobeh.
  2297 | D:2      | Noticed Natasha
  2301 | D:2      | Killed Natasha
  2302 | D:2      | Reached skill level 4 in Dodging
  2312 | D:2      | Noticed Terence
  2319 | D:2      | Killed Terence
  2320 | D:2      | Reached XP level 5. HP: 28/28 MP: 4/14
  2463 | D:2      | Killed Sigmund
  2464 | D:2      | Reached skill level 5 in Dodging
  2464 | D:2      | Reached skill level 5 in Spellcasting
  2464 | D:2      | Reached XP level 6. HP: 32/32 MP: 6/15
  2588 | D:2      | Noticed Natasha
  2602 | D:2      | Killed Natasha
  3113 | D:3      | Found a glowing drain.
  3122 | Sewer    | Entered a sewer
  3243 | Sewer    | Noticed Purgy
  3251 | Sewer    | Killed Purgy
  3670 | D:3      | Reached skill level 6 in Dodging
  3670 | D:3      | Reached XP level 7. HP: 28/36 MP: 12/16
  4218 | D:4      | Noticed Robin
  4246 | D:4      | Killed Robin
  4366 | D:4      | Noticed Pikel
  4402 | D:4      | Killed Pikel
  4403 | D:4      | Reached skill level 7 in Dodging
  4403 | D:4      | Reached XP level 8. HP: 24/41 MP: 4/17
  4696 | D:4      | Found a hazy altar of Hepliaklqana.
  4813 | D:4      | Reached skill level 8 in Dodging
  4866 | D:4      | Noticed Menkaure
  4877 | D:4      | Killed Menkaure
  5381 | D:5      | Entered Level 5 of the Dungeon
  5386 | D:5      | Found a radiant altar of Vehumet.
  5941 | D:5      | Found a sacrificial altar of Ru.
  5975 | D:5      | Reached skill level 9 in Dodging
  6056 | D:5      | Found a hide-covered altar of Uskayaw.
  6087 | D:5      | Noticed Blork the orc
  6097 | D:5      | Killed Blork the orc
  6816 | D:6      | Found a staircase to the Ecumenical Temple.
  6825 | Temple   | Entered the Ecumenical Temple
  7081 | Temple   | Became a worshipper of Ashenzari the Shackled
  7150 | D:6      | Reached XP level 9. HP: 31/45 MP: 11/18
  7159 | D:6      | Reached skill level 10 in Conjurations
  7335 | D:6      | Reached skill level 10 in Dodging
  7335 | D:6      | Reached skill level 1 in Hexes
  7638 | D:6      | Found a white marble altar of Elyvilon.
  7747 | D:6      | Found a snail-covered altar of Cheibriados.
  7842 | D:6      | Reached skill level 1 in Fighting
  7869 | D:6      | Found a white marble altar of Elyvilon.
  8187 | D:6      | Gained mutation: Your muscles are strong. (Str +2) [potion
                  | of mutation]
  8187 | D:6      | Gained mutation: You possess an exceptional clarity of
                  | mind. [potion of mutation]
  8230 | D:7      | Found Xien's Distillery.
  8230 | D:7      | Found Dykuruecwe's Gadget Boutique.
  8240 | D:7      | Bought a potion of heal wounds for 60 gold pieces
  8241 | D:7      | Found Olutonai's Weapon Emporium.
  8476 | D:7      | Noticed Harold
  8497 | D:7      | Killed Harold
  8498 | D:7      | Reached skill level 5 in Hexes
  8648 | D:7      | Found Futich's Armour Emporium.
  8657 | D:7      | Bought a +0 pair of gloves for 58 gold pieces
  8798 | D:7      | Found Zoytara's Weapon Shoppe.
  8852 | D:7      | Reached skill level 11 in Dodging
  9692 | D:8      | Found a glowing golden altar of the Shining One.
  9928 | D:8      | Found Lyudd's Book Emporium.
  9976 | D:8      | Reached XP level 10. HP: 56/56 MP: 13/19
 10771 | D:8      | Learned a level 3 spell: Conjure Flame
 10774 | D:8      | Learned a level 2 spell: Blink
 10839 | D:8      | Found a bloodstained altar of Trog.
 11009 | D:8      | Found a shimmering blue altar of Sif Muna.
 11058 | D:8      | Identified Sif Muna's Handbook of Envenoming
 11914 | D:9      | Got the uncursed ring mail "Xarosso" {rElec rCorr Stlth+}
 11934 | D:9      | Reached skill level 12 in Dodging
 11957 | D:9      | Reached * piety under Ashenzari
 12093 | D:9      | Reached skill level 5 in Fighting
 12245 | D:9      | Found a shimmering altar of Xom.
 12324 | D:9      | Found an iron altar of Okawaru.
 12763 | D:9      | Identified the +1 ring mail "Xarosso" {rElec rCorr Stlth+}
                  | (You found it on level 9 of the Dungeon)
 12784 | D:10     | Entered Level 10 of the Dungeon
 12917 | D:10     | Reached skill level 1 in Translocations
 13147 | D:10     | Noticed Erolcha
 13148 | D:10     | Identified the +9 dagger of Blood-Lust {protect, +Fly
                  | Int+3}
 13156 | D:10     | Killed Erolcha
 13157 | D:10     | Reached skill level 1 in Armour
 13210 | D:10     | Slain by a troll

Illustrated notes

Levels and vault maps discovered:
D:1:      dpeg_arrival_fog, layout_basic
D:2:      cheibrodos_old_hovel, layout_basic, nemelex_altar_shiori,
          uniq_natasha, uniq_sigmund, uniq_jessica, uniq_terence
D:3:      layout_basic, serial_forest, infiniplex_forest_lined_3_way,
          infiniplex_forest_clump_tiny, infiniplex_forest_straight_3,
          infiniplex_forest_clump_C, infiniplex_forest_clump_medium,
          portal_sewer_entry_d
D:4:      layout_basic, kennysheep_little_box, uniq_robin, uniq_pikel,
          uniq_menkaure
D:5:      layout_rooms, vehumet_altar_wand_db, eat_drink_and_be_merry_uskayaw,
          nicolae_ru_sacrificial_ziggurat, uniq_blork_the_orc
D:6:      layout_basic, kennysheep_slug_shrine, lemuel_coloured_pillars_altar,
          minmay_temple_entry_waves, elyvilon_altar_5
D:7:      layout_rooms, serial_aquarium, aquarium_bridge_straight
          [aquarium_subvault_bridge, aquarium_subvault_wall,
          aquarium_subvault_bridge, aquarium_subvault_wall],
          aquarium_window_fake, aquarium_window_fake, aquarium_view_2a,
          aquarium_pool_five, serial_shops, shop,
          nicolae_shop_temple_entry_statues_fountains, shop, shop, shop_statue,
          uniq_harold
D:8:      layout_rooms, nzn_overflow_gifts_of_might_and_magic,
          nicolae_tso_besieged_by_evil, special_room [special_room_orc],
          serial_shops, shop, hangedman_misty_isle
D:9:      layout_big_octagon, lemuel_crystal_altar, marbit_many_paths,
          wad_dig_loot
D:10:     layout_grid_maze, orc_david_3, serial_shops, shop, uniq_fannar,
          uniq_erolcha
Temple:   jpeg_temple_alley_garden

Skill      XL: |  1  2  3  4  5  6  7  8  9 10 |
---------------+-------------------------------+-----
Dodging        | 3 4 5 6 7 9 11 12 | 12.4
Spellcasting   | 4 5 |  5.0
Conjurations   | 5 6 8 9 10 | 10.0
Hexes          | 5 8 |  8.0
Fighting       | 3 5 |  5.7
Translocations | 2 |  2.7
Armour         | 1 |  1.7
Stealth        | |  2.4

Action                   |  1- 3 |  4- 6 |  7- 9 | 10-12 || total
-------------------------+-------+-------+-------+-------++-------
Melee: Unarmed           |     5 |       |       |       ||     5
       Dagger            |     9 |    26 |    56 |    46 ||   137
Throw: Dart              |       |       |     2 |       ||     2
 Cast: Magic Dart        |    64 |    13 |    56 |    34 ||   167
       Searing Ray       |       |    16 |    68 |    55 ||   139
Invok: Curse Item        |       |       |       |     2 ||     2
  Use: Scroll            |       |     6 |    12 |     4 ||    22
       Potion            |       |       |     9 |       ||     9
 Stab: Sleeping          |       |     1 |     4 |       ||     5
Armor: Robe              |     2 |    12 |    17 |     4 ||    35
       Skin              |       |       |     6 |       ||     6
       Ring mail         |       |       |       |     9 ||     9
       Troll leather arm |       |       |       |     5 ||     5
Dodge: Dodged            |    16 |    20 |   122 |   112 ||   270
